 Dungeon Crawl Stone Soup version 0.23.1 (webtiles) character file.

Game seed: 4026096853837007622

476 doot the Poker (level 7, -18/54 HPs)
             Began as a Merfolk Monk on Mar 19, 2019.
             Was a Believer of Sif Muna.
             Demolished by Duvessa
             ... wielding a +0 short sword
              (20 damage)
             ... on level 4 of the Dungeon.
             The game lasted 00:09:49 (5211 turns).

doot the Poker (Merfolk Monk)                       Turns: 5211, Time: 00:09:50

Health: -18/54     AC:  2    Str: 11    XL:     7   Next: 10%
Magic:  7/7        EV: 16    Int: 12    God:    Sif Muna [**....]
Gold:   185        SH:  0    Dex: 16    Spells: 6/6 levels left

rFire    . . .     SeeInvis .   j - +0 blowgun
rCold    . . .     Gourm    .   (no shield)
rNeg     . . .     Faith    .   b - +0 robe
rPois    .         Spirit   .   (no helmet)
rElec    .         Reflect  .   (no cloak)
rCorr    .         Harm     .   (no gloves)
MR       .....                  (no boots)
Stlth    +++.......             (no amulet)
HPRegen  0.18/turn              (no ring)
MPRegen  0.10/turn              (no ring)

@: no status effects
A: change form in water, swift swim, stealthy swim
a: Divine Energy, Renounce Religion


You were on level 4 of the Dungeon.
You worshipped Sif Muna.
Sif Muna was pleased with you.
You were very hungry.

You visited 2 branches of the dungeon, and saw 5 of its levels.
You also visited: Sewer.

You collected 185 gold pieces.

Inventory:

Hand Weapons
 a - a +0 spear
 j - a +0 blowgun (weapon)
Missiles
 k - 5 curare-tipped needles (quivered)
 l - 6 poisoned needles
Armour
 b - a +0 robe (worn)
Wands
 s - a wand of acid (5)
Scrolls
 d - 2 scrolls of identify
 e - 2 scrolls of amnesia
 f - 4 scrolls of immolation
 g - a scroll of fear {unknown}
 h - 2 scrolls of magic mapping {unknown}
 i - 4 scrolls of teleportation
 n - 2 scrolls of fog {unknown}
 o - 3 scrolls of remove curse
Potions
 m - a potion of lignification {unknown}
 p - 5 potions of magic
 r - 2 potions of heal wounds
Comestibles
 c - 9 rations


   Skills:
 + Level 4.3 Fighting
 + Level 7.9 Polearms
 + Level 6.1 Dodging
 + Level 4.5 Stealth


You had 6 spell levels left.
You didn't know any spells.
Your spell library was empty.

Dungeon Overview and Level Annotations

Branches:
Dungeon (4/15)             Temple (1/1) D:4

Altars:
Ashenzari
Cheibriados
Dithmenos
Elyvilon
Fedhas
Gozag
Hepliaklqana
Kikubaaqudgha
Makhleb
Nemelex Xobeh
Okawaru
Qazlal
Ru
Sif Muna
Trog
Uskayaw
Vehumet
Wu Jian
Xom
Yredelemnul
Zin
The Shining One

Shops:
D:4 ?

Annotations:
D:3 Grinder
D:4 Duvessa


Message History

Okay, then.
Evoke which item? (* to show all) (? for menu, Esc to quit)
Aiming: Corrosive Bolt
Press: ? - help, Shift-Dir - straight line, f/p - Duvessa
Aim: Duvessa, wielding a +0 short sword and wearing a +2 leather armour of poison resistance (moderately wounded, berserk, fast, unusually strong)
The bolt of acid hits Duvessa!
Duvessa is splashed with acid.
The acid corrodes Duvessa!
Duvessa is heavily wounded.
Duvessa barely misses you.
Evoke which item? (* to show all) (? for menu, Esc to quit)
Aiming: Corrosive Bolt
Press: ? - help, Shift-Dir - straight line, f/p - Duvessa
Aim: Duvessa, wielding a +0 short sword and wearing a +2 leather armour of poison resistance (heavily wounded, berserk, fast, unusually strong, covered in acid)
The bolt of acid hits Duvessa!
Duvessa is splashed with acid.
The acid corrodes Duvessa!
Duvessa is severely wounded.
Duvessa hits you with a +0 short sword!
* * * LOW HITPOINT WARNING * * *
Duvessa hits you with a +0 short sword!!
You die...

)..........#
...........#
...........# ##
...........# .####
...........# .##<#
...........# .##.#
...........# .##.#
........)e@# .##.#
#######.####
.##'#########.###
................#
......#.#.#.#.#.##
.................##
.##.#.#.......#...#
.##.#.............#
###.#.#...>...#...#


You could see Duvessa (berserk).

Vanquished Creatures
  3 big kobolds (Sewer)
  A scorpion (D:4)
  An orc priest (D:4)
  8 adders
  3 river rats (Sewer)
  3 oozes
  7 worms
  A dart slug (D:3)
  2 leopard geckos
  4 orcs (D:4)
  3 giant cockroaches
  2 goblins
  3 hobgoblins
  4 jackals (D:3)
  5 kobolds
  4 quokkas
  6 ball pythons
  4 bats
  4 frilled lizards
  A leopard gecko skeleton (D:4)
  5 rats
74 creatures vanquished.

Vanquished Creatures (others)
  Dowan (D:4)
1 creature vanquished.

Grand Total: 75 creatures vanquished

Notes
Turn   | Place    | Note
-------+----------+-------------------------------------------
     0 | D:1      | doot the Merfolk Monk began the quest for the Orb.
     0 | D:1      | Reached XP level 1. HP: 18/18 MP: 1/1
   424 | D:2      | Found a bloodstained altar of Trog.
   456 | D:2      | Reached XP level 2. HP: 24/24 MP: 2/2
   510 | D:3      | Found a glowing drain.
   565 | Sewer    | Entered a sewer
   779 | Sewer    | Noticed a big kobold
   813 | Sewer    | Killed a big kobold
   813 | Sewer    | Reached skill level 5 in Polearms
   813 | Sewer    | Reached XP level 3. HP: 17/30 MP: 3/3
   813 | Sewer    | Reached XP level 4. HP: 21/37 MP: 4/4
  1092 | Sewer    | Reached skill level 5 in Dodging
  1243 | Sewer    | Noticed a big kobold
  1257 | Sewer    | Reached skill level 6 in Polearms
  1345 | Sewer    | Killed a big kobold
  1345 | Sewer    | Reached XP level 5. HP: 40/42 MP: 5/5
  1375 | Sewer    | Noticed a big kobold
  1434 | Sewer    | Killed a big kobold
  1434 | Sewer    | Reached skill level 7 in Polearms
  1434 | Sewer    | Reached XP level 6. HP: 31/48 MP: 6/6
  2639 | D:3      | Noticed Grinder
  2674 | D:4      | Found a staircase to the Ecumenical Temple.
  2683 | Temple   | Entered the Ecumenical Temple
  2793 | Temple   | Became a worshipper of Sif Muna the Loreminder
  2793 | Temple   | Reached * piety under Sif Muna
  2793 | Temple   | Reached ** piety under Sif Muna
  4921 | D:4      | Found Jaidegg's Magic Scroll Boutique.
  5010 | D:4      | Reached XP level 7. HP: 45/54 MP: 7/7
  5178 | D:4      | Noticed Duvessa
  5178 | D:4      | Noticed Dowan
  5201 | D:4      | Killed Dowan
  5211 | D:4      | HP: 2/54 [Duvessa/+0 short sword (12)]
  5211 | D:4      | Demolished by Duvessa

Skill      XL: |  1  2  3  4  5  6 |
---------------+-------------------+-----
Polearms       | 5 6 7 |  7.9
Dodging        | 5 6 |  6.1
Stealth        | 3 4 |  4.5
Fighting       | 4 |  4.3

Action                   |  1- 3 |  4- 6 |  7- 9 || total
-------------------------+-------+-------+-------++-------
Melee: Spear             |    81 |   395 |    11 ||   487
       Tailslap          |     4 |    22 |       ||    26
 Fire: Blowgun           |       |       |     8 ||     8
Evoke: Wand              |       |       |     3 ||     3
  Use: Potion            |     1 |       |       ||     1
       Scroll            |       |     5 |       ||     5
 Stab: Sleeping          |     3 |    22 |     1 ||    26
  Eat: Chunk             |       |    12 |       ||    12
Armor: Robe              |     5 |    13 |     1 ||    19
Dodge: Dodged            |    50 |   163 |    15 ||   228
